 Dungeon Sprint DCSS version 0.27.1-34-g3ba077fa99 (webtiles) character file.

Game seed: 15892532390629438278

15542 Karpo the Ninja (level 12, 0/51 HPs)
             Began as a Spriggan Enchanter on Feb 8, 2022.
             Was the Champion of Dithmenos.
             Slain by a hellwing (8 damage)
             ... in the Dungeon (Sprint I: "Red Sonja").
             The game lasted 00:27:34 (3233 turns).

Karpo the Ninja (Spriggan Enchanter)                Turns: 3233, Time: 00:27:35

Health: 0/51       AC:  9    Str:  4    XL:     12   Next: 2%
Magic:  22/34      EV: 23    Int: 25    God:    Dithmenos [******]
Gold:   634        SH:  5    Dex: 20    Spells: 21/45 levels left

rFire    + . .     SeeInvis +   k - +2 dagger (venom)
rCold    . . .     Faith    .   (shield restricted)
rNeg     + . .     Spirit   .   s - +1 robe {rF+}
rPois    .         Reflect  +   (helmet restricted)
rElec    .         Harm     .   p - +1 cloak {Stlth+}
rCorr    .         Rampage  .   (gloves unavailable)
Will     ++...     NoTele   +   (boots unavailable) Stlth #*********
                                u - amulet of reflection
HPRegen  0.17/turn              q - ring of flight
MPRegen  0.24/turn              r - ring "Ameivepi" {rN+ AC+4 Int+4 Dex+4}

@: flying, slowed, wreathed by umbra, quick
A: very small, no large weapons, unfitting armour, see invisible, speed 3
a: Renounce Religion, Shadow Step, Shadow Form


You were in the Dungeon.
You worshipped Dithmenos.
Dithmenos was exalted by your worship.
You visited 1 branch You collected 2799 gold pieces.
You spent 2165 gold pieces at shops.

Inventory:

Hand Weapons
 a - a +1 dagger
 k - a +2 dagger of venom (weapon)
Missiles
 l - 3 curare-tipped darts
Armour
 b - a +0 robe
 p - a +1 cloak of stealth (worn)
 s - a +1 robe of fire resistance (worn)
Jewellery
 q - a ring of flight (left hand)
 r - the ring "Ameivepi" (right hand) {rN+ AC+4 Int+4 Dex+4}
   (You bought it in a shop in the Dungeon)

   [ring of protection]

   AC:        It affects your AC (+4).
   Int:       It affects your intelligence (+4).
   Dex:       It affects your dexterity (+4).
   rN:        It protects you from negative energy.
 u - an amulet of reflection (around neck)
 v - a ring of fire
Wands
 i - a wand of flame (27)
Scrolls
 h - a scroll of blinking
 m - a scroll of magic mapping {unknown}
 n - a scroll of enchant weapon {unknown}
 t - a scroll of enchant armour {unknown}
Potions
 c - 2 potions of curing
 d - a potion of heal wounds
 e - 3 potions of haste
 f - 5 potions of magic
 g - a potion of lignification {unknown}
 j - 2 potions of resistance
 w - a potion of degeneration {unknown}
 x - a potion of cancellation
Miscellaneous
 o - a phial of floods


   Skills:
 - Level 13.0 Short Blades
 - Level 8.0 Dodging
 O Level 27 Stealth
 + Level 17.0 Spellcasting
 + Level 14.5 Hexes


You had 21 spell levels left.
You knew the following spells:

 Your Spells              Type           Power      Damage    Failure   Level
a - Corona                Hex            84%        N/A       0%          1
b - Ensorcelled Hibernat  Hex/Ice        100%       N/A       1%          2
c - Confusing Touch       Hex            76%        N/A       1%          3
d - Invisibility          Hex            38%        N/A       1%          6
e - Tukima's Dance        Hex            76%        N/A       1%          3
f - Dazzling Flash        Conj/Hex       100%       N/A       1%          3
g - Passwall              Tmut/Erth      17%        N/A       3%          2
h - Cause Fear            Hex            38%        N/A       1%          4

Your spell library contained the following spells:

 Spells                   Type           Power      Damage    Failure   Level
 Inner Flame              Hex/Fire       55%        N/A       1%          3
 Foxfire                  Conj/Fire      84%        2x1d8     2%          1
 Conjure Flame            Conj/Fire      21%        6-21      7%          3
 Swiftness                Air            21%        N/A       7%          3
 Sticky Flame             Conj/Fire      21%        2d4       24%         4
 Discord                  Hex            38%        N/A       36%         8
 Starburst                Conj/Fire      10%        6d5       98%         6
 Fire Storm               Conj/Fire      10%        8d3       100%        9


Dungeon Overview and Level Annotations

Branches:
Dungeon (1/1)

Altars:
Cheibriados
Dithmenos
Elyvilon
Fedhas
Gozag
Hepliaklqana
Kikubaaqudgha
Makhleb
Nemelex Xobeh
Okawaru
Qazlal
Ru
Sif Muna
Trog
Uskayaw
Vehumet
Wu Jian
Xom
Yredelemnul
Zin
The Shining One
Jiyva
Lugonu

Shops:
D (=:([=[[*[*?!*[[*!


Innate Abilities, Weirdness & Mutations

You are very small and have problems with some larger weapons.
You are too small for most types of armour.
You have supernaturally acute eyesight. (SInv)
You cover ground extremely quickly. (Speed+++)


Message History

The hornet stings you but does no damage.
You can move again.
There is an arrow trap, spattered with blood here.
You feel very sick.
The hornet is engulfed in a cloud of scalding steam.
An arrow hits the hornet, but does no damage!
There is an open door here.
You feel sick.
The hornet is engulfed in a cloud of scalding steam.
There's a creature in the doorway!
Casting: Ensorcelled Hibernation (safe; 1% risk of failure)
Confirm with . or Enter, or press ? or * to list all spells.
Aiming: Ensorcelled Hibernation (safe; 1% risk of failure)
Press: ? - help, Shift-Dir - straight line, f - hornet
Aim: a hornet (moderately wounded, umbra, chance to affect: 64%)
The hornet resists with significant effort.
Your shadow mimicks your spell!
The hornet easily resists.
You feel yourself speed up.
You feel sick. The hornet misses you.
The hellwing is engulfed in a cloud of scalding steam.
The hornet stings you!
* * * LOW HITPOINT WARNING * * *
You feel yourself slow down.
The hellwing swoops through the air toward you!
You block the hellwing's attack. The hellwing closely misses you.
The hornet barely misses you.
You feel better. The hornet stings you!
* * * LOW HITPOINT WARNING * * *
You emit a cloud of dark smoke.
You feel as though you will be slow longer.
You block the hellwing's attack. The hellwing closely misses you.
The hornet closely misses you.
Blink to where?
Press: ? - help, Dir - move target, p - hornet You can't see that place. [the floor.]
Okay, then.
The hellwing hits you!
You die...

###########################
#..#§§.§'§§.§§.§@§#§^'.§§.#
##'#§####§§§§§##4§y^^#§.§§##
'.§#§#
##.§.#######y#§§§§§#####
#§§'§# ###+# #4e#§§§§§#...#
#+#### #.# #§y##§§..#.∩§#
.°○°^# #..###$#.§§###§##.§§#
○..^.+ ##.#A#$#§§§.}#§####'#
##.○^# .###$#§§§.##§#§.§.##
.#°^.# ##..$#§§§##§§^§.§§.#


You could see a hellwing and a hornet.

Vanquished Creatures
  A golden dragon (D)
  A shadow dragon (D)
  A hydra (D)
  2 centaur warriors (D)
  Sonja (D)
  A deep troll (D)
  A lindwurm (D)
  An oklob plant (D)
  2 merfolk sirens (D)
  A gargoyle (D)
  2 unseen horrors (D)
  2 kobold demonologists (D)
  4 demonic crawlers (D)
  3 hornets (D)
  A slime creature (D)
  2 redbacks (D)
  A yak (D)
  Sigmund (D)
  13 hogs (D)
  3 floating eyes (D)
  7 necrophages (D)
  An ogre (D)
  8 jellies (D)
  Ijyb (D)
  A ballistomycete spore (D)
62 creatures vanquished.

Vanquished Creatures (others)
  A ballistomycete spore (D)
1 creature vanquished.

Grand Total: 63 creatures vanquished

Notes
Turn   | Place    | Note
-------+----------+-------------------------------------------
     0 | D        | Karpo the Spriggan Enchanter began the quest for the Orb.
     0 | D        | Reached XP level 1. HP: 9/9 MP: 5/5
     1 | D        | Noticed Ijyb
    11 | D        | Killed Ijyb
    12 | D        | Reached skill level 10 in Stealth
    12 | D        | Reached XP level 2. HP: 10/13 MP: 6/6
   159 | D        | Learned a level 2 spell: Ensorcelled Hibernation
   159 | D        | Noticed an ogre
   162 | D        | Killed an ogre
   163 | D        | Reached skill level 14 in Stealth
   163 | D        | Reached XP level 3. HP: 16/16 MP: 8/8
   163 | D        | Reached XP level 4. HP: 21/21 MP: 9/9
   171 | D        | Noticed Sigmund
   174 | D        | Killed Sigmund
   175 | D        | Reached skill level 17 in Stealth
   175 | D        | Reached XP level 5. HP: 24/24 MP: 10/10
   180 | D        | Learned a level 3 spell: Confusing Touch
   190 | D        | Found a shimmering blue altar of Sif Muna.
   191 | D        | Found an ornate altar of the Wu Jian Council.
   192 | D        | Found a radiant altar of Vehumet.
   198 | D        | Reached skill level 18 in Stealth
   198 | D        | Reached XP level 6. HP: 28/28 MP: 11/11
   216 | D        | Found Poebbus's Jewellery Emporium.
   216 | D        | Found an ancient bone altar of Kikubaaqudgha.
   216 | D        | Found a hazy altar of Hepliaklqana.
   216 | D        | Found a hide-covered altar of Uskayaw.
   216 | D        | Found a basalt altar of Yredelemnul.
   216 | D        | Found an opulent altar of Gozag.
   216 | D        | Found a snail-covered altar of Cheibriados.
   216 | D        | Found a sacrificial altar of Ru.
   216 | D        | Found a shadowy altar of Dithmenos.
   216 | D        | Noticed a yak
   217 | D        | Found a stormy altar of Qazlal.
   217 | D        | Found a blossoming altar of Fedhas.
   217 | D        | Found a bloodstained altar of Trog.
   217 | D        | Found an iron altar of Okawaru.
   217 | D        | Found a glowing golden altar of the Shining One.
   217 | D        | Found a glowing silver altar of Zin.
   217 | D        | Found a white marble altar of Elyvilon.
   218 | D        | Killed a yak
   219 | D        | Reached skill level 20 in Stealth
   219 | D        | Found a sparkling altar of Nemelex Xobeh.
   225 | D        | Became a worshipper of Dithmenos the Shadowed
   236 | D        | Noticed Sonja
   240 | D        | Killed Sonja
   241 | D        | Reached skill level 23 in Stealth
   241 | D        | Reached XP level 7. HP: 32/32 MP: 12/12
   259 | D        | Found Maogoidiuj's Antique Weapon Boutique.
   449 | D        | Noticed a deep troll
   453 | D        | Killed a deep troll
   454 | D        | Reached skill level 25 in Stealth
   454 | D        | Reached XP level 8. HP: 36/36 MP: 13/13
   475 | D        | Noticed a centaur warrior
   476 | D        | Noticed a centaur warrior
   479 | D        | Killed a centaur warrior
   479 | D        | Reached * piety under Dithmenos
   480 | D        | Reached skill level 26 in Stealth
   480 | D        | Reached XP level 9. HP: 39/39 MP: 14/14
   480 | D        | Killed a centaur warrior
   481 | D        | Reached skill level 27 in Stealth
   622 | D        | Found a viscous altar of Jiyva.
   622 | D        | Found a corrupted altar of Lugonu.
   623 | D        | Found a burning altar of Makhleb.
   623 | D        | Found a shimmering altar of Xom.
   644 | D        | Reached ** piety under Dithmenos
   959 | D        | Found Soply's Armour Emporium.
  1001 | D        | Noticed a kobold demonologist
  1002 | D        | Noticed a kobold demonologist
  1005 | D        | Reached skill level 10 in Short Blades
  1008 | D        | Noticed a sixfirhy
  1016 | D        | Noticed a red devil
  1018 | D        | Killed a kobold demonologist
  1082 | D        | Killed a kobold demonologist
  1245 | D        | Noticed a demonic crawler
  1245 | D        | Noticed a demonic crawler
  1245 | D        | Noticed a demonic crawler
  1245 | D        | Noticed a demonic crawler
  1544 | D        | Noticed an oklob plant
  1546 | D        | Killed an oklob plant
  1546 | D        | Reached *** piety under Dithmenos
  1547 | D        | Reached XP level 10. HP: 44/44 MP: 15/15
  1591 | D        | Reached **** piety under Dithmenos
  1648 | D        | Reached ***** piety under Dithmenos
  1649 | D        | Reached skill level 5 in Hexes
  1773 | D        | Reached skill level 5 in Spellcasting
  1832 | D        | Found Xunemeuch's Antique Weapon Shoppe.
  1832 | D        | Found Waggay's Book Shop.
  1832 | D        | Found Bukof's Antique Armour Boutique.
  1834 | D        | Found Paettuwk's Jewellery Emporium.
  1834 | D        | Found Zivok's Antique Armour Shop.
  1834 | D        | Found Vuteaky's Armour Shoppe.
  1834 | D        | Found Wuth's Assorted Antiques.
  1834 | D        | Found Amimog's Antique Armour Emporium.
  1834 | D        | Found Keemodo's Assorted Antiques.
  1834 | D        | Found Tyuffaur's Magic Scroll Shoppe.
  1835 | D        | Found Itifool's Distillery.
  1836 | D        | Found Gywn's Antique Armour Emporium.
  1836 | D        | Found Oris's General Store.
  1837 | D        | Found Muorrul's General Store.
  1867 | D        | Bought a book of Burglary for 280 gold pieces
  1874 | D        | Learned a level 6 spell: Invisibility
  1878 | D        | Learned a level 3 spell: Tukima's Dance
  1882 | D        | Learned a level 3 spell: Dazzling Flash
  1885 | D        | Learned a level 2 spell: Passwall
  1887 | D        | Bought a ring of flight for 175 gold pieces
  1887 | D        | Bought the ring "Ameivepi" {rN+ AC+4 Int+4 Dex+4} for 640
                  | gold pieces
  1893 | D        | Bought an embroidered robe for 88 gold pieces
  1913 | D        | Bought a potion of resistance for 140 gold pieces
  1968 | D        | Reached ****** piety under Dithmenos
  2430 | D        | Noticed a lindwurm
  2432 | D        | Killed a lindwurm
  2433 | D        | Reached skill level 10 in Hexes
  2504 | D        | Reached XP level 11. HP: 47/47 MP: 17/25
  2563 | D        | Reached skill level 10 in Spellcasting
  2649 | D        | Noticed a daeva
  2655 | D        | Noticed a 12-headed hydra
  2657 | D        | Killed a 12-headed hydra
  2787 | D        | Bought a book of Hexes for 360 gold pieces
  2789 | D        | Bought an amulet of reflection for 300 gold pieces
  2799 | D        | Learned a level 4 spell: Cause Fear
  2811 | D        | Bought a potion of heal wounds for 70 gold pieces
  2966 | D        | Noticed a shadow dragon
  2969 | D        | Noticed a golden dragon
  2971 | D        | Killed a shadow dragon
  2973 | D        | Killed a golden dragon
  2975 | D        | Got Sif Muna's Catalogue of Heat
  3011 | D        | Identified the +7 morningstar of Moderation {elec, rF+ rN+}
  3034 | D        | Found Jossotz's Distillery.
  3132 | D        | Bought a potion of cancellation for 112 gold pieces
  3193 | D        | Noticed a deep elf annihilator
  3198 | D        | Noticed a mummy priest
  3211 | D        | Paralysed by a hornet for 1 turns
  3222 | D        | Reached XP level 12. HP: 27/51 MP: 21/34
  3227 | D        | Paralysed by a hornet for 1 turns
  3233 | D        | Slain by a hellwing

Illustrated notes

Levels and vault maps discovered:
D:        dungeon_sprint_1 [red_sonja_temple_1, red_sonja_temple_small_1]

Skill      XL: |  1  2  3  4  5  6  7  8  9 10 11 |
---------------+----------------------------------+-----
Stealth        | 10 14 17 18 23 25 26 27 | 27.0
Short Blades   | 12 13 | 13.0
Dodging        | 8 |  8.0
Spellcasting   | 9 17 | 17.0
Hexes          | 11 14 | 14.5

Action                   |  1- 3 |  4- 6 |  7- 9 | 10-12 || total
-------------------------+-------+-------+-------+-------++-------
Melee: Dagger            |     8 |     4 |    35 |   120 ||   167
 Cast: Confusing Touch   |       |       |     2 |     8 ||    10
       Ensorcelled Hiber |       |       |     1 |    25 ||    26
       Corona            |       |       |     1 |       ||     1
       Dazzling Flash    |       |       |       |     2 ||     2
  Use: Potion            |     1 |       |       |     2 ||     3
 Stab: Sleeping          |     2 |     4 |     7 |    36 ||    49
       Confused          |       |       |     1 |     6 ||     7
       Distracted        |       |       |     1 |     3 ||     4
       Invisible         |       |       |       |     1 ||     1
Armor: Robe              |     1 |       |     1 |    29 ||    31
Dodge: Dodged            |     2 |       |    16 |   146 ||   164
Block: Other             |       |       |       |    17 ||    17
       Reflection        |       |       |       |     1 ||     1
